 Dungeon Crawl Stone Soup version 0.19-a0-1697-g0595f0e (webtiles) character file.

13157 4thArraOfDagon the Grappler (level 11, -11/105 HPs)
             Began as a Troll Wanderer on Sept 26, 2016.
             Was a High Priest of the Shining One.
             Shot with a bolt by an orc knight (28 damage)
             ... on level 2 of the Orcish Mines.
             The game lasted 00:18:33 (3679 turns).

4thArraOfDagon the Grappler (Troll Wanderer)        Turns: 3679, Time: 00:18:34

Health: -11/105    AC:  8    Str: 21    XL:     11   Next: 71%
Magic:  12/12      EV: 10    Int: 12    God:    the Shining One [*****.]
Gold:   947        SH:  9    Dex:  7    Spells: 0 memorised, 10 levels left

rFire  . . .     SeeInvis .       - Unarmed
rCold  + . .     Gourm    +     d - +0 robe
rNeg   + + .     Faith    .     x - +0 shield
rPois  +         Spirit   .     (helmet restricted)
rElec  .         Dismiss  .     l - +1 cloak {rPois}
rCorr  .         Reflect  .     (gloves unavailable)
MR     .....     Harm     +     (boots unavailable)
Stlth  +.........               e - amulet of harm
                                (no ring)
                                y - ring of protection from cold

@: very slightly contaminated, glowing
A: unfitting armour, claws 3, fast metabolism 3, gourmand, low mp 1, poison
resistance, regeneration 1, shaggy fur 1, tough skin 2, weak 1, wild magic 1,
sturdy frame 1
a: Divine Shield, Cleansing Flame, Summon Divine Warrior, Renounce Religion


You were on level 2 of the Orcish Mines.
You worshipped the Shining One.
The Shining One was extremely pleased with you.
You were completely stuffed.

You visited 2 branches of the dungeon, and saw 13 of its levels.
You also visited: Ossuary.

You collected 1081 gold pieces.
You spent 134 gold pieces at shops.

Inventory:

Hand Weapons
 a - a +2 hand crossbow
 h - a +0 giant spiked club
Missiles
 b - 29 bolts
 q - 6 large rocks (quivered)
Armour
 d - a +0 robe (worn)
 g - a +0 cloak
 l - a +1 cloak of poison resistance (worn)
 x - a +0 shield (worn)
Jewellery
 e - an amulet of harm (around neck)
 y - a ring of protection from cold (left claw)
Wands
 u - a wand of polymorph (6/24)
 z - a wand of acid (6/15)
 A - a wand of slowing (24/48)
Scrolls
 c - 3 scrolls of teleportation
 i - 5 scrolls of random uselessness {unknown}
 j - 3 scrolls of recharging
 k - 2 scrolls of magic mapping {unknown}
 n - 4 scrolls of remove curse {unknown}
 r - 2 scrolls of fear {unknown}
 s - a scroll of immolation {unknown}
Potions
 o - 2 potions of curing
 p - a potion of agility {unknown}
 v - a potion of degeneration {unknown}
Comestibles
 f - 6 bread rations
 m - 3 meat rations


   Skills:
 + Level 6.1 Fighting
 - Level 1.0 Maces & Flails
 - Level 1.2 Crossbows
 - Level 1.7 Throwing
 + Level 5.3 Dodging
 * Level 6.1 Shields
 * Level 13.2 Unarmed Combat
 + Level 5.7 Invocations


You had 10 spell levels left.
You didn't know any spells.

Dungeon Overview and Level Annotations

Branches:
Dungeon (11/15)              Lair (0/6) D:8             Orc (2/2) D:11
    Elf (0/3) Orc:2
 Temple: D:4-7

Altars:
Dithmenos
Kikubaaqudgha
Uskayaw
The Shining One

Shops:
D:10 *   D:11 [


Innate Abilities, Weirdness & Mutations

You are too large for most types of armour.
You have claws for hands.
Your metabolism is lightning-fast.
You like to eat raw meat.
Your natural rate of healing is unusually fast.
You are covered in fur. (AC +1)
You have very tough skin. (AC +2)
Your magical capacity is low. (-10% MP)
Your system is resistant to poisons. (rPois)
You are weak. (Str -2)
Your spells are a little harder to cast, but a little more powerful.
Your movements are slightly less encumbered by armour. (ER -2)


Message History

Unknown command.
Evoke which item? (* to show all) (? for menu, Esc to quit)
Okay, then.
An orc comes into view. It is wielding a trident.
The orc shouts!
An orc warrior comes into view. It is wielding a glaive.
Unknown command.
The orc warrior shouts!
An orc comes into view.
Unknown command.
Unknown command.
Unknown command.
Unknown command.
Unknown command.
Unknown command.
Unknown command.
The orc knight unwields an uncursed glaive.
The orc knight wields an arbalest.
The orc knight shoots a bolt.
The bolt hits you!!
You die...

##...))......# ..
##o.([........ c
##..o.........#
#....o........#
##.............
#..............
#....o.....#..#
##............#
##...@........
#.............# ...
##............## ....
#.............##..##.
#....................
##...#...............
##...#.............#..
#.....................
##.........#..........


You could see an orc knight, an orc warrior and 2 orcs.

Vanquished Creatures
  A stone giant (Orc:1)
  Josephine (D:11)
  Snorg (D:11)
  A centaur warrior (Orc:2)
  An orc high priest (Orc:2)
  A hill giant (D:10)
  A deep elf mage (D:10)
  A cyclops (Orc:1)
  A gargoyle (D:10)
  A centaur skeleton (D:11)
  A two-headed ogre (D:10)
  A spriggan (D:10)
  5 wraiths (D:11)
  A human (D:10)
  2 wargs
  A water moccasin (D:10)
  3 floating eyes (D:10)
  10 orc warriors
  2 ice beasts
  4 phantoms
  4 sky beasts
  5 ogres
  7 centaurs
  A big kobold (D:11)
  2 bullfrogs
  An elf skeleton (D:8)
  A gnoll sergeant (D:10)
  2 scorpions (D:10)
  3 troll zombies (D:11)
  10 killer bees (Orc:1)
  A wight (D:10)
  A howler monkey (D:10)
  4 crimson imps
  A bullfrog skeleton (D:5)
  Crazy Yiuf (D:2)
  10 orc priests
  4 hounds
  13 orc wizards
  An iguana (D:10)
  A human skeleton (D:8)
  4 worker ants
  A killer bee zombie (D:9)
  An ogre zombie (D:11)
  3 mummies (Ossuary)
  A worker ant zombie (D:5)
  7 adders
  A howler monkey skeleton (D:6)
  3 shadow imps
  An ooze (D:2)
  An adder skeleton (D:4)
  8 adder zombies (Ossuary)
  5 worms
  3 leopard geckos
  36 orcs
  2 goblins
  A hobgoblin (D:2)
  11 jackals
  9 kobolds
  A quokka (D:3)
  A bat (D:2)
  4 frilled lizards
  A gnoll zombie (Ossuary)
  2 goblin skeletons (D:11)
  5 goblin zombies
  A hobgoblin skeleton (D:11)
  A hobgoblin zombie (Ossuary)
  A jackal skeleton (D:8)
  2 kobold zombies (Ossuary)
  5 orc skeletons
  6 orc zombies
  A quokka zombie (Ossuary)
  A rat (D:2)
  A rat zombie (Ossuary)
244 creatures vanquished.

Vanquished Creatures (collateral kills)
  A queen bee (Orc:1)
  3 orc warriors (Orc:1)
  An ogre (Orc:1)
  15 killer bees (Orc:1)
  4 orc priests (Orc:1)
  An orc wizard (Orc:1)
  2 ogre zombies (D:11)
  8 orcs (Orc:1)
  A hobgoblin skeleton (D:11)
  3 orc zombies (D:11)
39 creatures vanquished.

Grand Total: 283 creatures vanquished

Notes
Turn   | Place    | Note
-------+----------+-------------------------------------------
     0 | D:1      | 4thArraOfDagon the Troll Wanderer began the quest for the Orb.
     0 | D:1      | 4thArraOfDagon set off with: a +2 hand crossbow, 29 bolts, 2 scrolls of teleportation, a +0 robe, 2 bread rations
     0 | D:1      | Reached XP level 1. HP: 23/23 MP: 0/0
    23 | D:2      | Reached skill level 1 in Unarmed Combat
   134 | D:2      | Reached XP level 2. HP: 31/31 MP: 1/1
   201 | D:2      | Found a glowing golden altar of the Shining One.
   225 | D:2      | Became a worshipper of the Shining One
   238 | D:2      | Reached skill level 2 in Unarmed Combat
   272 | D:2      | Found a runed door.
   276 | D:2      | Noticed Crazy Yiuf
   286 | D:2      | Reached XP level 3. HP: 37/37 MP: 2/2
   289 | D:2      | Killed Crazy Yiuf
   289 | D:2      | Reached skill level 3 in Unarmed Combat
   373 | D:3      | Reached XP level 4. HP: 38/45 MP: 3/3
   452 | D:4      | Reached skill level 4 in Unarmed Combat
   482 | D:4      | Reached XP level 5. HP: 33/53 MP: 4/4
   484 | D:3      | Noticed an ogre
   495 | D:3      | Killed an ogre
   495 | D:3      | Reached skill level 5 in Unarmed Combat
   568 | D:5      | Entered Level 5 of the Dungeon
   596 | D:5      | Found a shadowy altar of Dithmenos.
   617 | D:5      | Reached XP level 6. HP: 59/61 MP: 5/5
   634 | D:5      | Reached * piety under the Shining One
   634 | D:5      | Reached skill level 6 in Unarmed Combat
   650 | D:4      | Found a hide-covered altar of Uskayaw.
   719 | D:5      | Reached skill level 7 in Unarmed Combat
   807 | D:5      | Found an ancient bone altar of Kikubaaqudgha.
   990 | D:7      | Reached XP level 7. HP: 62/67 MP: 6/6
  1143 | D:7      | Gained mutation: Your spells are a little harder to cast, but a little more powerful. [mutagenic meat]
  1256 | D:8      | Reached skill level 8 in Unarmed Combat
  1340 | D:8      | Reached skill level 9 in Unarmed Combat
  1344 | D:8      | Reached XP level 8. HP: 42/75 MP: 7/7
  1502 | D:8      | Found a staircase to the Lair.
  1527 | D:8      | Found a sand-covered staircase.
  1527 | D:8      | Reached ** piety under the Shining One
  1534 | Ossuary  | Entered an ossuary
  1542 | Ossuary  | Reached skill level 10 in Unarmed Combat
  1585 | Ossuary  | Reached *** piety under the Shining One
  1848 | D:9      | Reached skill level 1 in Invocations
  2153 | D:10     | Entered Level 10 of the Dungeon
  2153 | D:10     | Found Potwum's General Store.
  2165 | D:10     | Bought a scroll of identify for 22 gold pieces
  2169 | D:10     | Reached **** piety under the Shining One
  2192 | D:10     | Reached XP level 9. HP: 82/84 MP: 9/9
  2251 | D:10     | Reached skill level 11 in Unarmed Combat
  2261 | D:10     | Paralysed by a floating eye for 4 turns
  2343 | D:10     | Noticed a deep elf mage
  2353 | D:10     | Killed a deep elf mage
  2353 | D:10     | Reached skill level 1 in Shields
  2421 | D:10     | Noticed a hill giant
  2452 | D:10     | The Shining One protects you from harm!
  2453 | D:10     | Killed a hill giant
  2453 | D:10     | Reached XP level 10. HP: 32/94 MP: 11/11
  2459 | D:10     | Gained mutation: Your movements are slightly less encumbered by armour. (ER -2) [mutagenic meat]
  2462 | D:10     | Gained mutation: You are weak. (Str -2) [mutagenic meat]
  2523 | D:10     | Noticed a gargoyle
  2536 | D:10     | Killed a gargoyle
  2536 | D:10     | Reached skill level 5 in Fighting
  2680 | D:11     | Found Maresyda's Antique Armour Boutique.
  2690 | D:11     | Reached skill level 12 in Unarmed Combat
  2774 | D:11     | Noticed Josephine
  2776 | D:11     | Gained mutation: Your magical capacity is low. (-10% MP) [potion of mutation]
  2776 | D:11     | Gained mutation: Your system is resistant to poisons. (rPois) [potion of mutation]
  2794 | D:11     | Killed Josephine
  2810 | D:11     | Bought an embroidered cloak for 112 gold pieces
  2834 | D:11     | Reached ***** piety under the Shining One
  2848 | D:11     | Noticed Snorg
  2858 | D:11     | Killed Snorg
  2876 | D:11     | Found a staircase to the Orcish Mines.
  2923 | Orc:1    | Entered Level 1 of the Orcish Mines
  2923 | Orc:1    | Noticed a stone giant
  2936 | Orc:1    | Killed a stone giant
  2936 | Orc:1    | Reached XP level 11. HP: 62/104 MP: 1/12
  3021 | Orc:2    | Entered Level 2 of the Orcish Mines
  3041 | Orc:1    | Reached skill level 5 in Shields
  3043 | Orc:1    | Reached skill level 5 in Invocations
  3394 | Orc:2    | Noticed an orc high priest
  3405 | Orc:2    | Reached skill level 13 in Unarmed Combat
  3417 | Orc:2    | Killed an orc high priest
  3417 | Orc:2    | Reached skill level 5 in Dodging
  3531 | Orc:2    | Found a staircase to the Elven Halls.
  3557 | Orc:2    | Noticed a centaur warrior
  3572 | Orc:2    | Killed a centaur warrior
  3658 | Orc:2    | Noticed an orc knight
  3658 | Orc:2    | HP: 3/105 [orc warrior/glaive (27)]
  3679 | Orc:2    | Shot with a bolt by an orc knight

Vault maps used:
D:1:      dpeg_arrival_caged_fury
D:2:      overflow_temple_1_default, lemuel_doored_altar, first_bread,
          uniq_jessica, uniq_crazy_yiuf_cottage
D:4:      lemuel_upstairs_altar, nemelex_xobeh_ov_fountains_minmay,
          moated_statue, tgw_sif
D:5:      cheibrodos_quashed, kiku_gazebo_pond_becter,
          nicolae_dithmenos_shadow_blocks, kennysheep_mini, serial_shops, shop,
          st_stairs_13
D:7:      serial_shops, shop
D:8:      lair_0_dummy, nicolae_ossuary_entry_catacombs,
          kennysheep_generic_room_12
D:9:      marbit_many_paths
D:10:     serial_shops, shop, hangedman_stone_soup, onia_ninara_cookie
D:11:     zombieorc1_lemuel, serial_shops, shop, shop, nicolae_shop_waterfront,
          shop, nicolae_shop_stone, uniq_josephine, uniq_snorg
Orc:1:    special_room
Orc:2:    st_orc_rangers
Ossuary:  ossuary_minmay_chase

Skill      XL: |  1  2  3  4  5  6  7  8  9 10 11 |
---------------+----------------------------------+-----
Unarmed Combat | 1 2 3 4 5 7 9 10 11 12 13 | 13.2
Invocations    | 2 3 4 5 |  5.7
Dodging        | 2 3 4 5 |  5.3
Fighting       | 4 5 6 |  6.1
Shields        | 2 4 6 |  6.1
Maces & Flails | |  1.0
Crossbows      | |  1.2
Throwing       | |  1.7

Action                   |  1- 3 |  4- 6 |  7- 9 | 10-12 || total
-------------------------+-------+-------+-------+-------++-------
Melee: Unarmed           |    69 |    98 |   215 |   278 ||   660
       Hand crossbow     |     1 |       |       |       ||     1
       Punch             |       |       |     5 |       ||     5
Throw: Large rock        |       |       |     1 |       ||     1
Invok: Divine Shield     |       |       |     1 |     5 ||     6
       Summon Divine War |       |       |       |     3 ||     3
  Use: Potion            |       |     2 |     2 |     1 ||     5
       Scroll            |       |       |     5 |     3 ||     8
  Eat: Chunk             |     7 |     6 |    16 |    15 ||    44
Armor: Robe              |    40 |    32 |    41 |    46 ||   159
       Skin              |       |     4 |       |       ||     4
Dodge: Dodged            |    34 |    34 |    77 |    78 ||   223
Block: Shield            |       |       |    19 |   170 ||   189
